cohdb
Replays
Latest Replays
All Replays
Popular Replays
Top Player Replays
Match Explorer
How It Works
Community
CoH3 Stats
Reddit
Sign in to upload your games and track your stats! →
Sign in with Steam
Match 38044496
Unlisted
Match 38044496
Overview
Messages
Build Orders
End
250 Light Carrier
Panzerpioneer Squad
Selects Battlefield Espionage Battlegroup
Panzerpioneer Squad
Construct Light Support Kompanie
Panzerpioneer Squad
2.5-tonne Medical Truck
Selects Intel Disruption Beacon
Assault Grenadier Squad
Fire Support Elements
Forward Retreat Point
Assault Mechanized Group
Pak 38 Anti-tank Gun Team
Combat Half-tracks
Construct Panzerarmee Kommand
Assault Grenadier Squad
Selects Transfer Depots
Selects Disruption Operation
Disruption Operation
Selects 250/3 Funkpanzerwagen
Selects 250/3 Funkpanzerwagen
Selects Anti-Tank Incendiary Munitions
MG34 Team
Pak 38 Mechanized Group
Forward Retreat Point
Walking Stuka Rocket Launcher
2.5-tonne Medical Truck
MG34 Team
Assault Mechanized Group
Walking Stuka Rocket Launcher
Disruption Operation
Flak 36 Anti-tank Gun Team
2832951980
Lord ADCurry
shock!
Epicdeath
BIOHAZARD
Gorgolo
0
0
Comments
sign in to comment!
No comments posted yet!